 Dungeon Crawl Stone Soup version 0.28.0-53-g5a82cb258f (console) character file.

Game seed: 9974540778086073219

1282 Faeu the Fighter (level 8, 0/117 HPs)
             Began as a Minotaur Berserker on May 24, 2022.
             Was an Elder of Trog.
             Slain by a gnoll
             ... wielding a +0 halberd
              (12 damage)
             ... on level 5 of the Dungeon.
             The game lasted 00:15:11 (5604 turns).

Faeu the Fighter (Minotaur Berserker)               Turns: 5604, Time: 00:15:12

Health: 0/117      AC: 24    Str: 25    XL:     8   Next: 29%
Magic:  7/7        EV:  2    Int:  4    God:    Trog [****..]
Gold:   202        SH:  0    Dex:  9    Spells: 7/7 levels left

rFire   . . .      SeeInvis .   i - +0 hand axe (elec) {axe}
rCold   . . .      Faith    .   (no shield)
rNeg    . . .      Spirit   .   (armour currently unavailable)
rPois   +          Reflect  .   (helmet currently unavailable)
rElec   .          Harm     .   (cloak currently unavailable)
rCorr   .          Rampage  .   (gloves currently unavailable)
Will    .....      NoTele   +   (boots currently unavailable)
Stlth   +.........              (no amulet)
HPRegen 0.29/turn               (no ring)
MPRegen 0.10/turn               (no ring)

@: tree-form, on berserk cooldown, hasted, invisible, very quick
A: stationary, stasis, torment immunity, boosted hp, (horns 2), (retaliatory
headbutt)
a: Renounce Religion, Berserk, Trog's Hand, Brothers in Arms


You were on level 5 of the Dungeon.
You worshipped Trog.
Trog was greatly pleased with you.
You were a tree.
You visited 1 branch of the dungeon, and saw 5 of its levels.
You also visited: Sewer.

You collected 202 gold pieces.


Innate Abilities, Weirdness & Mutations

You are a tree.
Your roots penetrate the ground, keeping you stationary.
You cannot be teleported.
You are immune to unholy pain and torment.
Your maximum health is greatly increased.
Your equipment is partially melded.
((You have a pair of horns on your head.))
((You reflexively headbutt those who attack you in melee.))


   Skills:
 + Level 9.3 Fighting
 + Level 9.3 Axes
 - Level 2.4 Armour
 - Level 2.1 Dodging


You had 7 spell levels left.
You didn't know any spells.
Your spell library was empty.

Inventory:

Hand Weapons
 a - a +0 hand axe {axe}
 i - a +0 hand axe of electrocution (weapon) {axe}
   (You found it on level 3 of the Dungeon)
 l - a +1 dagger of electrocution {short}
   (You took it off a kobold brigand in a sewer)
 t - a +2 spectral quarterstaff {staff}
   (You found it on level 4 of the Dungeon)
Missiles
 m - 2 curare-tipped darts {=fthrowing}
 n - 16 poisoned darts (quivered) {throwing}
Armour
 b - a +0 animal skin
 x - a +0 ring mail (melded)
   (You found it on level 3 of the Dungeon)
 B - a +0 pair of boots
   (You found it on level 5 of the Dungeon)
Jewellery
 h - an amulet of magic regeneration {@e2}
   (You found it on level 2 of the Dungeon)
Wands
 q - a wand of paralysis (13)
   (You found it on level 3 of the Dungeon)
Scrolls
 d - a scroll of enchant weapon {unknown}
 e - 2 scrolls of identify {unknown}
 f - a scroll of blinking {unknown}
 k - 4 scrolls of teleportation {unknown}
 r - a scroll of fear {unknown}
 s - a scroll of fog {unknown}
 u - a scroll of acquirement {unknown}
 w - a scroll of immolation {unknown}
 y - 2 scrolls of noise {unknown}
 z - a scroll of vulnerability {unknown}
Potions
 o - a potion of magic
 p - a potion of heal wounds {@q2}
 v - a potion of mutation {unknown}
 A - 2 potions of resistance {unknown}

Dungeon Overview and Level Annotations

Branches:
Dungeon (5/15)             Temple (0/1) D:4           Sewer (visited)

Altars:
Ashenzari
Gozag

Shops:
D:2 :: D:4

( . #.##...# #.##...#
##.##...# ####### ###
#.).)...# #.....####..
#)......## #.......##..
.............# #.......##..
#.###......#.# #(..........
#......#.# #..)........
#......#.# #####.......
########.#############......#
..).......)โ™ฃ.)..............
..........gg####.#####.....#
.#####......# #############
#......# #........... #......#
#.)#...#.[.# #......#
#_.......[.. #....รท.#
#..#...#...# ##.##รท##
#........... ... #.#
############# #...# #.## #.#
#.##### #... ##..####.#
#......


You could see a gnoll shaman and a gnoll.


Message History

You now have 78 max hp (-39). ๐Ÿ˜จ HP[+1] ๐Ÿ˜จ HP[+1] ๐Ÿ˜จ HP[+1] ๐Ÿ˜ฎ HP[+1] ๐Ÿ˜ฎ HP[+1] ๐Ÿ˜ฎ HP[+1]
A gnoll shaman and a gnoll come into view.
The gnoll shaman shouts!
The gnoll shouts!
A gnoll comes into view. It is wielding a +0 flail.
The gnoll barely misses you. ๐Ÿ˜ฎ HP[+1]
The gnoll shaman hits you with a +0 quarterstaff!
* * * LOW HITPOINT WARNING * * *
The gnoll hits you from afar with a +0 halberd.
* * * LOW HITPOINT WARNING * * *
๐Ÿ˜จ HP[-17]
You take 17 damage, and now have 26/78 hp.
MASSIVE DAMAGE!! (PAUSE) ๐Ÿ˜จ HP[+1]
The gnoll shaman hits you with a +0 quarterstaff!
* * * LOW HITPOINT WARNING * * *
The gnoll hits you but does no damage. ๐Ÿ˜ฑ HP[-8]
You take 8 damage, and now have 19/78 hp.
Okay, then.
It was a potion of lignification.
You turn into a tree.
Your +0 ring mail melds into your body.
Your roots penetrate the ground.
The gnoll hits you but does no damage. ๐Ÿ˜ฑ HP[+10]
You now have 117 max hp (+39).
You regained 10 hp, and now have 29/117 hp.
You hit the gnoll shaman.
Lightning courses through the gnoll shaman!
The gnoll shaman hits you but does no damage.
The gnoll hits you but does no damage.
The gnoll shaman calls upon its god to speed up the gnoll.
The gnoll seems to speed up.
The gnoll hits you but does no damage. ๐Ÿ˜จ HP[+1]
You closely miss the gnoll shaman.
The gnoll shaman hits you but does no damage.
The gnoll hits you but does no damage.
The gnoll hits you from afar with a +0 halberd.
* * * LOW HITPOINT WARNING * * *
๐Ÿ˜ฑ HP[-6]
You take 6 damage, and now have 24/117 hp.
It was a potion of haste.
You feel yourself speed up. The gnoll hits you with a +0 flail.
* * * LOW HITPOINT WARNING * * *
The gnoll shaman hits you with a +0 quarterstaff!
* * * LOW HITPOINT WARNING * * *
The gnoll hits you but does no damage. The gnoll barely misses you.
The gnoll shaman hits you with a +0 quarterstaff.
* * * LOW HITPOINT WARNING * * *
๐Ÿ˜ฑ HP[-14]
You take 14 damage, and now have 10/117 hp.
It was a potion of invisibility.
You fade into invisibility!
The gnoll hits you but does no damage. The gnoll barely misses you.
The gnoll hits you but does no damage.
The gnoll shaman hits you but does no damage. ๐Ÿ˜ฑ HP[+1] It was a potion of magic.
Magic courses through your body.
You feel yourself speed up. The gnoll barely misses you. x2
The gnoll shaman prays to its god.
The gnoll shaman is healed somewhat.
Okay, then.
The gnoll hits you with a +0 flail.
* * * LOW HITPOINT WARNING * * *
The gnoll hits you from afar with a +0 halberd.
* * * LOW HITPOINT WARNING * * *
๐Ÿ˜ฑ HP[-5]
You take 5 damage, and now have 6/117 hp.
It was a potion of heal wounds.
You feel much better. The gnoll hits you but does no damage.
The gnoll shaman hits you with a +0 quarterstaff.
* * * LOW HITPOINT WARNING * * *
The gnoll hits you but does no damage. ๐Ÿ˜ฑ HP[+21]
You regained 21 hp, and now have 27/117 hp.
You slash the gnoll shaman! You hit the gnoll.
Lightning courses through the gnoll!
You kill the gnoll!
Trog accepts your kill.
You hit the gnoll shaman.
The gnoll shaman prays to its god.
The gnoll shaman is healed somewhat.
The gnoll hits you from afar with a +0 halberd!
* * * LOW HITPOINT WARNING * * *
๐Ÿ˜ฑ HP[-6]
You take 6 damage, and now have 21/117 hp.
You hit the gnoll shaman.
The gnoll shaman hits you with a +0 quarterstaff.
* * * LOW HITPOINT WARNING * * *
๐Ÿ˜ฑ HP[-4]
You take 4 damage, and now have 17/117 hp.
You barely miss the gnoll shaman. You hit the gnoll shaman.
You hit the gnoll but do no damage.
The gnoll shaman hits you with a +0 quarterstaff.
* * * LOW HITPOINT WARNING * * *
The gnoll hits you with a +0 halberd!
You die...

Skill      XL: |  1  2  3  4  5  6  7  8 |
---------------+-------------------------+-----
Fighting       | 4 5 6 7 8 9 |  9.3
Axes           | 4 5 6 7 8 9 |  9.3
Armour         | |  2.4
Dodging        | |  2.1

Action                   |  1- 3 |  4- 6 |  7- 9 || total
-------------------------+-------+-------+-------++-------
Melee: Hand axe          |    86 |   141 |    83 ||   310
       Headbutt          |    11 |    18 |    13 ||    42
       Punch             |     1 |       |     1 ||     2
Throw: Dart              |       |       |     3 ||     3
Invok: Berserk           |     1 |     3 |     4 ||     8
  Use: Potion            |       |       |     5 ||     5
 Stab: Sleeping          |     1 |     2 |       ||     3
Armor: Animal skin       |    14 |    21 |     2 ||    37
       Ring mail         |       |       |    11 ||    11
       Skin              |       |       |    12 ||    12
Dodge: Dodged            |    51 |    85 |    57 ||   193

Levels and vault maps discovered:
D:1:      dpeg_arrival_morbid_curiosity, layout_loops_ring,
          shapermc_ecumenical_altar_mp_highgroup, fountainhead, st_stairs_4,
          due_unseen_surprise
D:2:      layout_loops_ring, serial_shops, nicolae_shop_advertising_works
          [nicolae_subvault_shop_adworks], nicolae_shop_statue_plus, uniq_robin
D:3:      layout_loops_cross, cheibrodos_sewer_entry_bend, uniq_jessica
D:4:      layout_basic, nicolae_ashenzari_skybound, temple_hall, serial_shops,
          shop_statue, uniq_sigmund
D:5:      layout_basic, lemuel_coloured_pillars_altar, st_stairs_13,
          minmay_shop_mayhem

Notes
Turn   | Place    | Note
-------+----------+-------------------------------------------
     0 | D:1      | Faeu the Minotaur Berserker began the quest for the Orb.
     0 | D:1      | Reached XP level 1. HP: 19/19 MP: 0/0
     0 | D:1      | magus.rc [v1.9.6]
    69 | D:1      | Reached skill level 4 in Fighting
    69 | D:1      | Reached skill level 4 in Axes
    70 | D:1      | Reached XP level 2. HP: 23/27 MP: 1/1
   268 | D:1      | Found a faded altar of an unknown god.
   302 | D:1      | HP: 9/40 [quokka (4)]
   707 | D:1      | Reached XP level 3. HP: 34/34 MP: 2/2
  1268 | D:2      | Reached ** piety under Trog
  1599 | D:2      | Noticed Robin
  1686 | D:2      | Reached XP level 4. HP: 36/41 MP: 3/3
  1693 | D:2      | Reached skill level 5 in Fighting
  1698 | D:2      | Killed Robin
  1699 | D:2      | Reached skill level 5 in Axes
  2287 | D:2      | Found Tugoloysk's Book Shoppe.
  2329 | D:2      | Found Xeuc's Book Boutique.
  2702 | D:3      | Found a glowing drain.
  2720 | D:3      | Reached XP level 5. HP: 39/48 MP: 4/4
  2722 | Sewer    | Entered a sewer
  2823 | Sewer    | Reached *** piety under Trog
  2885 | Sewer    | Reached skill level 6 in Fighting
  2885 | Sewer    | Reached skill level 6 in Axes
  2888 | Sewer    | Reached XP level 6. HP: 58/58 MP: 5/5
  3121 | Sewer    | Reached skill level 7 in Fighting
  3260 | D:3      | Reached skill level 7 in Axes
  3483 | D:3      | Noticed Jessica
  3493 | D:3      | Killed Jessica
  4077 | D:4      | Found a broken altar of Ashenzari.
  4114 | D:4      | Reached XP level 7. HP: 66/66 MP: 6/6
  4622 | D:4      | Found Vaqorir's Antique Weapon Shoppe.
  4627 | D:4      | Noticed Sigmund
  4883 | D:4      | Killed Sigmund
  4883 | D:4      | Reached **** piety under Trog
  4884 | D:4      | Reached skill level 8 in Fighting
  4884 | D:4      | Reached skill level 8 in Axes
  5021 | D:4      | Found a staircase to the Ecumenical Temple.
  5039 | D:5      | Entered Level 5 of the Dungeon
  5144 | D:5      | Reached XP level 8. HP: 75/75 MP: 7/7
  5307 | D:5      | Found an opulent altar of Gozag.
  5450 | D:5      | Reached skill level 9 in Fighting
  5450 | D:5      | Reached skill level 9 in Axes
  5591 | D:5      | HP: 19/78 [gnoll shaman/+0 quarterstaff (8)]
  5598 | D:5      | HP: 7/117 [gnoll/+0 flail (4)]
  5604 | D:5      | HP: 12/117 [gnoll shaman/+0 quarterstaff (5)]
  5604 | D:5      | Slain by a gnoll

Vanquished Creatures
  Sigmund (D:4)
  A sky beast (D:5)
  A phantom (D:5)
  4 kobold brigands (Sewer)
  A gnoll sergeant (D:4)
  2 scorpions (D:5)
  2 hounds (D:5)
  Jessica (D:3)
  3 iguanas
  Robin (D:2)
  9 adders
  9 gnolls
  A shadow imp (D:5)
  An ufetubus (D:4)
  2 worms (D:3)
  3 dart slugs (D:1)
  An orc (D:5)
  14 endoplasms
  5 giant cockroaches
  19 goblins
  15 hobgoblins
  7 jackals
  14 kobolds
  4 quokkas
  10 ball pythons
  6 bats
  4 frilled lizards
  6 rats
147 creatures vanquished.

Vanquished Creatures (others)
  A plant (Sewer)
1 creature vanquished.

Grand Total: 148 creatures vanquished

Table legend:
 A = Non-vault XP
 B = Vault XP
 C = Vault XP percentage of total XP
 D = Non-vault monster count
 E = Vault monster count
 F = Vault count percentage of total count
                 A         B        C        D         E       F
            +---------+---------+-------+---------+---------+-------
      Total |    1072 |     760 |  41.5 |      99 |      48 |  32.7
            +---------+---------+-------+---------+---------+-------
        D:1 |      45 |      15 |  25.0 |      22 |       8 |  26.7
        D:2 |      89 |      35 |  28.2 |      26 |      11 |  29.7
        D:3 |      36 |      42 |  53.8 |      14 |       2 |  12.5
        D:4 |     277 |     227 |  45.0 |      20 |       1 |   4.8
        D:5 |     625 |      15 |   2.3 |      17 |       2 |  10.5
      Sewer |       0 |     426 | 100.0 |       0 |      24 | 100.0
            +---------+---------+-------+---------+---------+-------

Illustrated notes

Table legend:
 A = Kills in this place as a percentage of kills in entire the game.
 B = Kills by you in this place as a percentage of kills by you in the entire game.
 C = Kills by friends in this place as a percentage of kills by friends in the entire game.
 D = Other kills in this place as a percentage of other kills in the entire game.
 E = Experience gained in this place as a percentage of experience gained in the entire game.
 F = Experience gained in this place divided by the number of levels of this place that you have seen.
                   A       B       C       D       E      F
               +-------+-------+-------+-------+-------+----------------------
         Total | 100.0 | 100.0 |   N/A |   N/A | 100.0 | 305.3
       Dungeon |  83.7 |  83.7 |   N/A |   N/A |  76.7 | 281.2
         Sewer |  16.3 |  16.3 |   N/A |   N/A |  23.3 | 426.0
               +-------+-------+-------+-------+-------+----------------------

Table legend: (Time is in decaauts)
 A = Elapsed time spent in this place.
 B = Non-inter-level travel time spent in this place.
 C = Inter-level travel time spent in this place.
 D = Time resting spent in this place.
 E = Time spent auto-exploring this place.
 F = Levels seen in this place.
 G = Mean time per level.
                   A        B        C        D        E       F      G
               +--------+--------+--------+--------+--------+-----+--------+
         Total |   5706 |   5588 |    118 |    567 |   3265 |   6 |  951.0 |
       Dungeon |   5219 |   5101 |    118 |    515 |   3005 |   5 | 1043.8 |
         Sewer |    487 |    487 |      0 |     52 |    260 |   1 |  487.0 |
               +--------+--------+--------+--------+--------+-----+--------+

Top non-repeatable levels by time:
     D:1: 1282 daAuts
     D:2: 1253 daAuts
     D:4: 1156 daAuts
     D:3: 941 daAuts
     D:5: 584 daAuts
   Sewer: 487 daAuts
